 Dungeon Crawl Stone Soup version 0.27.1-33-g824d729ab1 (webtiles) character file.

Game seed: 9770626550922195091

26 comborobin the Twirler (level 2, -2/24 HPs)
             Began as a Palentonga Gladiator on Dec 27, 2021.
             Slain by a lemure (4 damage)
             ... led by Pikel
             ... on level 4 of the Dungeon.
             The game lasted 00:01:12 (1136 turns).

comborobin the Twirler (Palentonga Gladiator)       Turns: 1136, Time: 00:01:13

Health: -2/24      AC:  7    Str: 16 (17) XL:     2   Next: 89%
Magic:  2/2        EV:  9    Int:  5 (8)  God:
Gold:   53         SH:  5    Dex: 10 (11) Spells: 1/1 levels left

rFire    . . .     SeeInvis +   a - +0 quarterstaff
rCold    . . .     Faith    .   (shield currently unavailable)
rNeg     . . .     Spirit   .   b - +0 leather armour
rPois    .         Reflect  +   c - +0 helmet
rElec    .         Harm     .   g - +1 cloak
rCorr    .         Rampage  .   (no gloves)
Will     .....                  (no barding)
Stlth    +.........             e - amulet of reflection
HPRegen  0.08/turn              (no ring)
MPRegen  0.08/turn              (no ring)

@: mighty
A: large, rugged brown scales 3, see invisible, deformed body, roll 1, armoured
tail
a: Rolling Charge


You were on level 4 of the Dungeon.
You visited 1 branch of the dungeon, and saw 3 of its levels.

You collected 53 gold pieces.

Inventory:

Hand Weapons
 a - a +0 quarterstaff (weapon)
 h - a +2 mace of protection
Missiles
 d - 2 throwing nets (quivered)
Armour
 b - a +0 leather armour (worn)
 c - a +0 helmet (worn)
 g - a +1 cloak (worn)
Jewellery
 e - an amulet of reflection (around neck)
Scrolls
 j - 2 scrolls of magic mapping {unknown}
Potions
 i - a potion of might


   Skills:
 + Level 2.5 Fighting
 * Level 3.8 Staves
 - Level 1.3 Throwing
 - Level 2.4 Dodging


You had one spell level left.
You didn't know any spells.
Your spell library contained the following spells:

 Spells                   Type           Power      Damage    Failure   Level
 Magic Dart               Conj           0%         1d3       54%         1
 Searing Ray              Conj           0%         3d3       69%         2
 Gell's Gravitas          Tloc           0%         N/A       89%         3
 Lesser Beckoning         Tloc           0%         N/A       89%         3
 Teleport Other           Tloc           0%         N/A       89%         3
 Fulminant Prism          Conj/Hex       0%         3d6       100%        4


Dungeon Overview and Level Annotations

Branches:
Dungeon (2/15)

Altars:

Annotations:
D:2 Terence


Innate Abilities, Weirdness & Mutations

You are completely covered in rugged brown scales. (AC +3, +7% HP)
You have supernaturally acute eyesight. (SInv)
Armour fits poorly on your strangely shaped body.
You can roll at nearby foes to attack.
You have a long armoured tail.


Message History

There was something very wrong with that liquid.
You feel weakened.
You feel dopey.
You feel clumsy. The lemure barely misses you.
You barely miss the lemure.
The lemure is moderately wounded.
You block the lemure's attack. The lemure hits you but does no damage.
You sock the lemure!
Your tail-slap misses the lemure.
The lemure is heavily wounded.
The lemure hits you.
* * * LOW HITPOINT WARNING * * *
You hit the lemure.
The lemure is heavily wounded.
The lemure hits you but does no damage.
You sock the lemure!
The lemure is almost dead.
The lemure hits you but does no damage.
You hit the lemure.
The lemure is almost dead.
You block the lemure's attack.
You bludgeon the lemure!!
You kill the lemure!
That felt strangely unrewarding.
You sock the lemure!
The lemure is heavily wounded.
The lemure hits you but does no damage. The lemure hits you.
* * * LOW HITPOINT WARNING * * *
You closely miss the lemure.
The lemure is heavily wounded.
You block the lemure's attack.
You barely miss the lemure.
The lemure is heavily wounded.
You block the lemure's attack.
You miss the lemure.
The lemure is heavily wounded.
The lemure hits you.
* * * LOW HITPOINT WARNING * * *
You thump the lemure!
The lemure is almost dead.
The lemure hits you.
You die...

#..# #..# #..# #..####
#.....# ####5##.#
.....5..# ############
#####...# .......@5..#
........#
..########.##########..#
#.............#
...................##
####################


You could see a lemure.

Vanquished Creatures
  A lemure (D:4)
  3 bats (D:1)
  4 endoplasms (D:1)
  A goblin (D:1)
  2 hobgoblins (D:1)
  4 jackals (D:1)
  3 kobolds (D:1)
  A quokka (D:1)
  A frilled lizard (D:1)
  4 rats (D:1)
24 creatures vanquished.

Notes
Turn   | Place    | Note
-------+----------+-------------------------------------------
     0 | D:1      | comborobin the Palentonga Gladiator began the quest for the
                  | Orb.
     0 | D:1      | Reached XP level 1. HP: 17/17 MP: 1/1
   290 | D:1      | Reached XP level 2. HP: 23/23 MP: 2/2
   421 | D:1      | Found a faded altar of an unknown god.
  1060 | D:2      | Noticed Terence
  1060 | D:2      | You fall into a shaft and drop 2 floors!
  1069 | D:4      | Noticed a lemure
  1069 | D:4      | Noticed a lemure
  1069 | D:4      | Noticed a lemure
  1131 | D:4      | Killed a lemure
  1136 | D:4      | Slain by a lemure

Illustrated notes

Levels and vault maps discovered:
D:1:      dpeg_arrival_long_road, layout_loops_ring,
          shapermc_ecumenical_altar_flowoftime
D:2:      layout_rooms, basic_altar, serial_shops, shop, minivault_27,
          uniq_terence
D:4:      layout_basic, uniq_edmund, uniq_ijyb, uniq_pikel

Action                   || total
-------------------------++-------
Melee: Quarterstaff      ||    70
       Tailslap          ||     4
Throw: Throwing net      ||     1
  Use: Potion            ||     2
       Scroll            ||     1
Armor: Leather armour    ||    35
Dodge: Dodged            ||    34
Block: Other             ||    10
